 Dungeon Crawl Stone Soup version 0.19.4-9-g45fd643 (webtiles) character file.

412 maxonian the Slasher (level 6, -5/57 HPs)
             Began as a Naga Gladiator on Feb 17, 2017.
             Was an Initiate of Cheibriados.
             Slain by an orc warrior
             ... wielding a +0 hand axe
              (9 damage)
             ... on level 5 of the Dungeon.
             The game lasted 00:09:09 (4961 turns).

maxonian the Slasher (Naga Gladiator)               Turns: 4961, Time: 00:09:10

Health: -5/57      AC: 15    Str: 17 (18) XL:     6   Next: 90%
Magic:  6/6        EV: 11    Int: 11 (12) God:    Cheibriados [......]
Gold:   191        SH:  0    Dex: 10 (12) Spells: 0 memorised, 5 levels left

rFire  . . .     SeeInvis +     a - +0 long sword
rCold  . . .     Gourm    .     u - +2 robe {rN+}
rNeg   + . .     Faith    .     (no shield)
rPois  +         Spirit   .     c - +0 helmet
rElec  .         Reflect  .     (no cloak)
rCorr  .         Harm     .     K - +0 pair of gloves
MR     .....                    (no barding)
Stlth  +.........               (no amulet)
                                (no ring)
                                F - ring of Robustness {AC+8}

@: very slow
A: see invisible, deformed body, poison resistance, slowness 2, slow metabolism
1, spit poison 1, AC +2
a: Spit Poison, Bend Time, Renounce Religion


You were on level 5 of the Dungeon.
You worshipped Cheibriados.
Cheibriados was noncommittal.
You were very hungry.

You visited 1 branch of the dungeon, and saw 5 of its levels.

You collected 191 gold pieces.

Inventory:

Hand Weapons
 a - a +0 long sword (weapon)
 b - a +0 hunting sling
Missiles
 d - 3 throwing nets (quivered)
 g - 41 arrows
 o - 105 stones
 q - 82 bolts
 C - 28 sling bullets
 E - 16 poisoned needles
Armour
 c - a +0 helmet (worn)
 j - a +0 leather armour
 r - a +0 scale mail of positive energy
 u - a +2 robe of positive energy (worn)
 K - a +0 pair of gloves (worn)
Jewellery
 F - the ring of Robustness (left hand) {AC+8}
   (You found it on level 4 of the Dungeon)

   [ring of protection]

   It affects your AC (+8).
Wands
 J - a wand of slowing (21/48)
Scrolls
 h - 3 scrolls of identify
 k - a scroll of fog {unknown}
 m - 4 scrolls of noise
 t - 2 scrolls of remove curse
 x - 3 scrolls of teleportation {unknown}
 y - 3 scrolls of magic mapping {unknown}
 A - a scroll of amnesia {unknown}
 H - a scroll of enchant weapon {unknown}
Potions
 e - 2 potions of degeneration
 i - a potion of cancellation {unknown}
 n - a potion of curing {unknown}
 p - a potion of lignification {unknown}
 s - a potion of heal wounds {unknown}
 w - a potion of cure mutation
 D - a potion of brilliance {unknown}
 G - a potion of ambrosia {unknown}
Comestibles
 f - 5 bread rations
 z - a royal jelly
 B - a beef jerky


   Skills:
 + Level 3.9 Fighting
 + Level 4.5 Long Blades
 - Level 3.0 Throwing
 + Level 1.1 Armour
 + Level 3.7 Dodging


You had 5 spell levels left.
You didn't know any spells.

Dungeon Overview and Level Annotations

Branches:
Dungeon (5/15)
 Temple: D:4-7

Altars:
Cheibriados
Dithmenos
Elyvilon
Qazlal
Sif Muna
Trog

Shops:
D:4 [


Innate Abilities, Weirdness & Mutations

You cannot wear boots.
Your serpentine skin is tough. (AC +2)
You have supernaturally acute eyesight. (SInv)
Armour fits poorly on your strangely shaped body.
Your system is resistant to poisons. (rPois)
You cover ground very slowly.
You have a slow metabolism.
You can spit poison.


Message History

You hit the orc warrior but do no damage.
The orc wizard gestures wildly while chanting.
The orc wizard blinks!
The orc warrior hits you with a hand axe.
Unknown command.
You closely miss the orc warrior.
The orc warrior hits you with a hand axe!!
As you read the scroll labeled WISSEW TUUNIKE, it crumbles to dust.
You hear a burbling brook.
It was a scroll of random uselessness.
The orc warrior hits you with a hand axe!!
* * * LOW HITPOINT WARNING * * *
Okay, then.
It was a potion of cure mutation.
It has a very clean taste.
You have got your breath back.
It was a potion of degeneration.
There was something very wrong with that liquid.
You feel weakened.
You feel dopey.
You feel clumsy.
The orc warrior hits you with a hand axe!
You die...

#.###.#.#.##.....#
###.........##.....#
....####....##..8..#
.......#....#......#
.##.##.#.##.#.######..
.#...#.#....."........
..._......##.#.#####..
.#...#..####.#o#####..#
.##.##..# #..oo@o....#
.. .....# ##[######.##
###.... ...o ....####
###(.# ###..# #o.. ...#
# #. ...#.# #o
...#.#+## #( ........#


You could see an orc warrior, an orc priest, an orc wizard and an orc.

Vanquished Creatures
  2 orc priests (D:4)
  2 orc wizards (D:3)
  Jessica (D:2)
  An iguana (D:4)
  A worker ant (D:4)
  A mummy (D:5)
  4 gnolls (D:4)
  7 adders
  An adder skeleton (D:4)
  A worm (D:4)
  2 dart slugs (D:2)
  3 leopard geckos
  14 orcs
  4 giant cockroaches
  10 goblins
  7 hobgoblins
  3 jackals (D:3)
  7 kobolds
  2 quokkas (D:4)
  2 bats
  4 frilled lizards
  A leopard gecko skeleton (D:4)
  A quokka zombie (D:5)
  13 rats
94 creatures vanquished.

Notes
Turn   | Place    | Note
-------+----------+-------------------------------------------
     0 | D:1      | maxonian the Naga Gladiator began the quest for the Orb.
     0 | D:1      | Reached XP level 1. HP: 19/19 MP: 1/1
   225 | D:1      | Reached XP level 2. HP: 17/26 MP: 2/2
   999 | D:2      | Found a white marble altar of Elyvilon.
  1003 | D:2      | Reached XP level 3. HP: 24/32 MP: 3/3
  1181 | D:2      | Noticed Jessica
  1194 | D:2      | Killed Jessica
  1321 | D:2      | Found a faded altar of an unknown god.
  1364 | D:2      | Noticed a water elemental
  1365 | D:2      | Found a stormy altar of Qazlal.
  1367 | D:2      | Noticed a fire elemental
  1367 | D:2      | Noticed an air elemental
  1367 | D:2      | Noticed an earth elemental
  1472 | D:2      | Reached XP level 4. HP: 38/40 MP: 4/4
  2448 | D:2      | Reached XP level 5. HP: 47/48 MP: 5/5
  3179 | D:3      | Found a bloodstained altar of Trog.
  3604 | D:4      | Reached skill level 4 in Long Blades
  3604 | D:4      | Reached XP level 6. HP: 52/56 MP: 6/6
  4071 | D:4      | Found Tiggux's Armour Emporium.
  4126 | D:4      | Reached skill level 1 in Armour
  4311 | D:4      | Found a deep blue altar of Sif Muna.
  4788 | D:5      | Entered Level 5 of the Dungeon
  4835 | D:5      | Found a shadowy altar of Dithmenos.
  4878 | D:5      | Found a snail-covered altar of Cheibriados.
  4925 | D:5      | Became a worshipper of Cheibriados the Contemplative
  4947 | D:5      | Noticed an orc warrior
  4961 | D:5      | Slain by an orc warrior

Skill      XL: |  1  2  3  4  5  6 |
---------------+-------------------+-----
Throwing       | 2 3 |  3.0
Dodging        | 3 |  3.7
Fighting       | 3 |  3.9
Long Blades    | 4 |  4.5
Armour         | 1 |  1.1

Action                   |  1- 3 |  4- 6 || total
-------------------------+-------+-------++-------
Melee: Long sword        |    68 |   149 ||   217
 Fire: Hunting sling     |       |    99 ||    99
Throw: Throwing net      |     1 |     1 ||     2
 Abil: Spit Poison       |     4 |    17 ||    21
  Use: Scroll            |       |     3 ||     3
       Potion            |       |     2 ||     2
  Eat: Chunk             |     1 |     9 ||    10
Armor: Leather armour    |    13 |       ||    13
       Scale mail        |     8 |       ||     8
       Robe              |     1 |    58 ||    59
Dodge: Dodged            |    38 |   109 ||   147
       Rpst.: Long sword |    15 |    29 ||    44
